 Dungeon Sprint DCSS version 0.28-a0-410-gbef64dd269 (webtiles) character file.

Game seed: 14598124925151460371

111 ugugthedestroyer the Cleaver (level 4, -18/47 HPs)
             Began as a Hill Orc Monk on Sept 6, 2021.
             Was an Elder of Beogh.
             Demolished by Menkaure (23 damage)
             ... in the Dungeon (Sprint VII: "The Pits").
             The game lasted 00:02:57 (166 turns).

ugugthedestroyer the Cleaver (Hill Orc Monk)         Turns: 166, Time: 00:02:58

Health: -18/47     AC:  2    Str: 14    XL:     4   Next: 92%
Magic:  4/4        EV: 13    Int: 10    God:    Beogh [****..]
Gold:   0          SH:  0    Dex: 13    Spells: 3/3 levels left

rFire   . . .      SeeInvis .   i - +2 hand axe
rCold   . . .      Faith    .   (no shield)
rNeg    . . .      Spirit   .   b - +0 robe
rPois   .          Reflect  .   (no helmet)
rElec   .          Harm     .   (no cloak)
rCorr   .          Rampage  .   (no gloves)
Will    .....      NoTele   +   (no boots)
Stlth   ++........              (no amulet)
HPRegen 0.15/turn               (no ring)
MPRegen 0.09/turn               (no ring)

@: hasted, invisible, very quick
A: no striking features
a: Renounce Religion, Smiting, Recall Orcish Followers


You were in the Dungeon.
You worshipped Beogh.
Beogh was greatly pleased with you.
You visited 1 branch

Inventory:

Hand Weapons
 a - a +0 hand axe
 i - a +2 hand axe (weapon)
Armour
 b - a +0 robe (worn)
Scrolls
 h - a scroll of blinking
 k - 5 scrolls of amnesia
 l - a scroll of summoning
Potions
 f - 4 potions of magic
 g - 3 potions of berserk rage
 j - a potion of invisibility


   Skills:
 + Level 7.1 Fighting
 + Level 8.5 Axes
 + Level 4.8 Dodging
 - Level 1.5 Stealth


You had 3 spell levels left.
You didn't know any spells.
Your spell library was empty.

Dungeon Overview and Level Annotations

Branches:
Dungeon (1/1)

Altars:
Ashenzari
Cheibriados
Dithmenos
Elyvilon
Fedhas
Gozag
Hepliaklqana
Kikubaaqudgha
Makhleb
Nemelex Xobeh
Okawaru
Qazlal
Ru
Sif Muna
Trog
Uskayaw
Vehumet
Wu Jian
Xom
Yredelemnul
Zin
The Shining One
Beogh
Jiyva
Lugonu

Annotations:
D Menkaure


Message History

Your Fighting skill gained 2 levels and is now at level 7!
Your Axes skill gained 3 levels and is now at level 8!
Your Dodging skill increases to level 4!
You have reached level 3!
Your experience leads to an increase in your attributes!
Increase (S)trength, (I)ntelligence, or (D)exterity?
You feel stronger.
You have reached level 4!
You hit the rat.
The rat is severely wounded.
The rat bites you but does no damage.
You slash the rat!
You kill the rat!
Beogh accepts your kill.
You can now recall your orcish followers.
There is an open door here.
You see here a rat corpse.
A ball python and Menkaure come into view.
Menkaure mumbles some strange words.
Menkaure seems to speed up.
You hit Menkaure but do no damage. Menkaure hits you!!
You hit Menkaure but do no damage. Menkaure barely misses you.
You slash Menkaure!
Menkaure is moderately damaged.
Menkaure barely misses you.
You feel yourself speed up. Menkaure barely misses you. x2
You completely miss Menkaure.
Menkaure is moderately damaged.
The ball python hisses angrily.
You barely miss Menkaure.
Menkaure is moderately damaged.
Menkaure hits you!!
* * * LOW HITPOINT WARNING * * *
You feel better.
Menkaure whispers, "It doesn't hurt if you pull your brain out of your nose yourself."
Menkaure hits you!
* * * LOW HITPOINT WARNING * * *
You fade into invisibility!
Menkaure hits you!!
You die...

#.........†.'........
#+#####'#####......#.
#..#†)# #........
#..)..# ####'####
#..#### #.......#
#..#S.# #.......#
#..#..# #.......#
##†#..#+###...<...#
#.@MS....##.......#
#........##.......#
###########.......#
#########


You could see Menkaure (fast) and a ball python.

Vanquished Creatures
  A floating eye (D)
  A gnoll (D)
  3 jackals (D)
  A quokka (D)
  A ball python (D)
  A bat (D)
  A goblin (D)
  A rat (D)
10 creatures vanquished.

Notes
Turn   | Place    | Note
-------+----------+-------------------------------------------
     0 | D        | ugugthedestroyer the Hill Orc Monk began the quest for the
                  | Orb.
     0 | D        | Reached XP level 1. HP: 19/19 MP: 1/1
    74 | D        | Found a bloodstained altar of Trog.
    74 | D        | Found a shimmering blue altar of Sif Muna.
    74 | D        | Found a viscous altar of Jiyva.
    74 | D        | Found a hazy altar of Hepliaklqana.
    74 | D        | Found an opulent altar of Gozag.
    75 | D        | Found a glowing golden altar of the Shining One.
    75 | D        | Found a glowing silver altar of Zin.
    75 | D        | Found a basalt altar of Yredelemnul.
    75 | D        | Found a shimmering altar of Xom.
    75 | D        | Found an ornate altar of the Wu Jian Council.
    75 | D        | Found a sacrificial altar of Ru.
    75 | D        | Found a stormy altar of Qazlal.
    75 | D        | Found an iron altar of Okawaru.
    75 | D        | Found a sparkling altar of Nemelex Xobeh.
    75 | D        | Found a burning altar of Makhleb.
    75 | D        | Found a blossoming altar of Fedhas.
    75 | D        | Found a white marble altar of Elyvilon.
    75 | D        | Found a shadowy altar of Dithmenos.
    75 | D        | Found a snail-covered altar of Cheibriados.
    77 | D        | Found a radiant altar of Vehumet.
    77 | D        | Found a corrupted altar of Lugonu.
    77 | D        | Found a roughly hewn altar of Beogh.
    79 | D        | Found an ancient bone altar of Kikubaaqudgha.
    79 | D        | Found a hide-covered altar of Uskayaw.
    79 | D        | Found a broken altar of Ashenzari.
    91 | D        | Became a worshipper of Beogh the Brigand
    91 | D        | Reached * piety under Beogh
    91 | D        | Reached ** piety under Beogh
   119 | D        | Reached skill level 5 in Axes
   119 | D        | Reached XP level 2. HP: 28/28 MP: 2/2
   126 | D        | Reached *** piety under Beogh
   130 | D        | Reached skill level 5 in Fighting
   136 | D        | Noticed a floating eye
   150 | D        | Killed a floating eye
   151 | D        | Reached skill level 8 in Axes
   151 | D        | Reached XP level 3. HP: 39/39 MP: 3/3
   151 | D        | Reached XP level 4. HP: 47/47 MP: 4/4
   152 | D        | Reached **** piety under Beogh
   155 | D        | Noticed Menkaure
   166 | D        | Demolished by Menkaure

Illustrated notes

Levels and vault maps discovered:
D:        pitsprint [storerooms_1, entrance_room_1, metal_vault_2, armoury_3,
          mini_pit_1, grid_room_1, main_hall_1, silver_pit, the_coven_1,
          the_vestibule_1, steel_vault_3, golden_pit, hallway_of_sentries,
          crystal_vault_4, iron_vault_5, final_vault]

Skill      XL: |  1  2 |
---------------+-------+-----
Fighting       | 4 7 |  7.1
Axes           | 5 8 |  8.5
Dodging        | 3 4 |  4.8
Stealth        | |  1.5

Action                   |  1- 3 |  4- 6 || total
-------------------------+-------+-------++-------
Melee: Hand axe          |    23 |     7 ||    30
  Use: Potion            |     1 |     3 ||     4
 Stab: Sleeping          |     1 |       ||     1
Armor: Robe              |     4 |     1 ||     5
Dodge: Dodged            |    17 |     4 ||    21

Table legend: (Time is in decaauts)
 A = Elapsed time spent in this place.
 B = Non-inter-level travel time spent in this place.
 C = Inter-level travel time spent in this place.
 D = Time resting spent in this place.
 E = Time spent auto-exploring this place.
 F = Levels seen in this place.
 G = Mean time per level.
                   A        B        C        D        E       F      G
               +--------+--------+--------+--------+--------+-----+--------+
         Total |    165 |    165 |      0 |      0 |      0 |   1 |  165.0 |
       Dungeon |    165 |    165 |      0 |      0 |      0 |   1 |  165.0 |
               +--------+--------+--------+--------+--------+-----+--------+

Top non-repeatable levels by time:
       D: 165 daAuts
